Match 39841351
Unlisted

Match 39841351
End
Kettenkrad Recon Vehicle
Construct Infanterie Kompanie
MG 42 Machine Gun Team
Selects Mechanized Battlegroup
Grenadier Squad
Grenadier Squad
Construct Panzergrenadier Kompanie
251 Medium Carrier
Support Elements
Grenadier Squad
Pioneer Squad
Construct Luftwaffe Kompanie
csokifudzsi
Sarmynation
𝕄 𝕀 𝔸
StoryCoffee
0
0

Comments sign in to comment!

No comments posted yet!